AoeStats
← Only 1 call a day

Fortress

509313895Analyzed
4v4 RM · 5d ago on Sep 26, 2026· 46m 1s· 8 players
Game mode
Random Map
Map size
Huge
Population
200
Speed
Normal
Resources
Standard
Victory
Conquest
Starting age
Dark Age
Ending age
Imperial Age
RankedLock teamsTeams togetherTeam positionsShared explorationLock speedFull tech treeHidden civsTurbo modeCheats
Victory
Defeat
🇨🇳 Poles · China
1048
+13
🇨🇳 Romans · China
990
+16
🇨🇳 Khmer · China
951
+17
🇻🇳 Huns · Vietnam
925
+18
🇪🇸 Mongols · Spain
1116
-21
🇹🇼 Romans · Taiwan
1065
-19
🇪🇸 Italians · Spain
891
-12
866
-12
wqq1997
7:07 Feudal Age
11:03 Castle Age
8:51 Double-Bit Axe
9:00 Horse Collar
12:14 Bow Saw
14:34 Loom
15:01 Heavy Plow
16:08 Wheelbarrow
16:29 Fervor
20:40 Hand Cart
20:46 Gold Mining
23:22 Gold Shaft Mining
22:40 Stone Mining
26:35 Imperial Age
27:44 Conscription
27:29 Ballistas
26:50 Heavy Scorpion
30:39 Chemistry
29:13 Capped Ram
30:48 Siege Ram
32:23 Siege Engineers
33:24 Ballistics
35:33 Man-at-Arms
36:14 Squires
36:36 Forging
36:27 Scale Mail Armor
38:07 Long Swordsman
38:08 Pikeman
39:30 Iron Casting
39:10 Chain Mail Armor
39:01 Legionary
41:39 Blast Furnace
42:14 Guilds
42:05 Caravan
44:04 Halberdier
45:35 Scale Barding Armor
45:30 Padded Archer Armor
45:21 Fletching
西装老头
7:15 Feudal Age
11:41 Castle Age
10:20 Double-Bit Axe
19:54 Horse Collar
22:54 Wheelbarrow
27:07 Imperial Age
25:09 Bow Saw
25:26 Husbandry
25:37 Bloodlines
25:29 Town Watch
27:58 Forging
28:11 Conscription
28:21 Gold Mining
28:59 Pikeman
30:25 Tusk Swords
30:44 Heavy Plow
31:44 Fortified Wall
32:43 Hand Cart
33:02 Halberdier
33:32 Light Cavalry
34:55 Iron Casting
34:26 Scale Barding Armor
34:26 Elite Battle Elephant
39:44 Town Patrol
40:23 Gold Shaft Mining
39:39 Stone Mining
40:31 Capped Ram
42:22 Blast Furnace
43:12 Chain Barding Armor
44:48 Caravan
pacoyyds
7:40 Feudal Age
8:26 Horse Collar
8:32 Double-Bit Axe
14:17 Castle Age
15:03 Heavy Plow
15:13 Bow Saw
22:35 Wheelbarrow
22:10 Gold Mining
22:11 Stone Mining
27:49 Imperial Age
25:45 Forging
25:41 Scale Barding Armor
25:45 Szlachta Privileges
26:40 Hand Cart
26:53 Loom
26:54 Town Watch
27:01 Treadmill Crane
28:05 Iron Casting
27:51 Chain Barding Armor
28:49 Stone Shaft Mining
28:29 Cavalier
29:12 Husbandry
29:24 Bloodlines
29:41 Conscription
30:25 Blast Furnace
30:08 Crop Rotation
30:40 Fortified Wall
34:06 Fletching
35:05 Bodkin Arrow
37:04 Light Cavalry
38:12 Lechitic Legacy
38:46 Winged Hussar
41:25 Chemistry
40:45 Ballistics
40:31 Siege Engineers
46:35 Hoardings
Only 1 call a day
0:30 Loom
8:04 Feudal Age
9:38 Horse Collar
10:02 Double-Bit Axe
17:48 Castle Age
Subbotai00
2:16 Loom
9:16 Feudal Age
10:26 Double-Bit Axe
14:53 Castle Age
12:37 Horse Collar
14:57 Gold Mining
28:37 Imperial Age
26:35 Husbandry
26:45 Bloodlines
28:57 Wheelbarrow
28:52 Bow Saw
28:46 Padded Archer Armor
28:47 Scale Mail Armor
29:22 Town Watch
30:05 Ballistics
30:37 Cavalier
31:36 Squires
30:57 Pikeman
31:59 Leather Archer Armor
32:54 Scale Barding Armor
32:48 Murder Holes
33:08 Fortified Wall
36:07 Chain Mail Armor
38:04 Chemistry
38:23 Masonry
38:09 Light Cavalry
45:21 Plate Mail Armor
45:22 Ring Archer Armor
n13s
7:32 Feudal Age
9:58 Loom
12:27 Castle Age
12:04 Double-Bit Axe
12:12 Gold Mining
12:06 Horse Collar
12:21 Fletching
17:55 Town Watch
21:37 Wheelbarrow
23:16 Hand Cart
30:30 Imperial Age
28:17 Bodkin Arrow
28:23 Padded Archer Armor
29:27 Town Patrol
29:41 Bow Saw
29:39 Heavy Plow
30:19 Gold Shaft Mining
29:37 Stone Mining
30:29 Fortified Wall
30:31 Masonry
30:42 Ballistics
32:19 Chemistry
31:54 Conscription
31:55 Leather Archer Armor
32:58 Nomads
32:43 Elite Mangudai
36:45 Chemistry
36:51 Bracer
36:59 Scale Barding Armor
40:24 Scale Mail Armor
40:35 Forging
39:54 Pikeman
40:46 Squires
41:19 Arson
43:43 Chain Mail Armor
Dark_Knight
5:28 Loom
7:14 Feudal Age
10:23 Double-Bit Axe
12:41 Castle Age
11:05 Horse Collar
13:45 Bow Saw
15:44 Wheelbarrow
21:08 Town Watch
24:28 Imperial Age
23:23 Scale Mail Armor
23:33 Forging
23:35 Masonry
23:07 Pikeman
23:47 Squires
24:01 Stone Mining
24:07 Gold Mining
25:00 Chain Mail Armor
25:30 Conscription
25:48 Iron Casting
25:11 Man-at-Arms
25:14 Capped Ram
27:41 Chemistry
27:53 Chemistry
27:17 Siege Engineers
28:45 Blast Furnace
29:21 Architecture
28:45 Fletching
29:02 Scale Barding Armor
29:21 Murder Holes
29:53 Fortified Wall
30:20 Husbandry
31:17 Gold Shaft Mining
32:28 Chemistry
31:37 Caravan
31:51 Guilds
31:20 Halberdier
33:21 Chain Barding Armor
33:14 Bloodlines
32:24 Light Cavalry
33:17 Bodkin Arrow
34:23 Chain Barding Armor
35:37 Ballistics
37:42 Siege Ram
41:12 Long Swordsman
伐伐伐伐伐伐 伐木工
8:12 Feudal Age
10:05 Loom
11:33 Double-Bit Axe
14:56 Castle Age
12:41 Horse Collar
19:41 Wheelbarrow
19:10 Heavy Plow
31:34 Imperial Age
29:54 Bow Saw
30:40 Vendel Legacy
31:23 Husbandry
31:34 Bloodlines
32:18 Gold Mining
32:21 Stone Mining
32:55 Conscription
35:29 Crop Rotation
35:29 Pikeman
36:44 Scale Mail Armor
36:49 Scale Barding Armor
36:39 Gambesons
37:25 Halberdier
Connection lost

Rejoining the realm…

Still unreachable

The connection could not be restored.

Session expired

The server has moved on; the page needs a fresh start.